 Dungeon Crawl Stone Soup version 0.20-a0-386-g2d247ea (webtiles) character file.

12660 Kidiri the Thaumaturge (level 11, -18/60 HPs)
             Began as a Deep Elf Fire Elementalist on Dec 29, 2016.
             Was an Elder of Vehumet.
             Demolished by Gastronok (36 damage)
             ... on level 1 of the Lair of Beasts.
             The game lasted 00:49:31 (14968 turns).

Kidiri the Thaumaturge (DEFE)                      Turns: 14968, Time: 00:49:32

Health: -18/60     AC: 13    Str:  9    XL:     11   Next: 65%
Magic:  7/28       EV: 16    Int: 22    God:    Vehumet [****..]
Gold:   198        SH:  2    Dex: 15    Spells: 7/33 levels left

rFire  + + +     SeeInvis .     L - +9 rapier of Lies {flame, Fragile rPois rF+++ Str+4}
rCold  . . .     Gourm    .     a - +0 robe
rNeg   . . .     Faith    .     (no shield)
rPois  +         Spirit   .     N - +0 helmet
rElec  .         Reflect  +     F - +0 cloak
rCorr  .         Harm     .     i - +0 pair of gloves
MR     ++...                    V - +2 pair of boots {Fly}
Stlth  ++........               A - +2 amulet of reflection
                                (no ring)
                                w - +2 ring of protection

@: flying, slowed, very slow
A: yellow scales 1, dopey 1, magic resistance 1, slow regeneration 1
a: Renounce Religion, Stop Flying


You were on level 1 of the Lair of Beasts.
You worshipped Vehumet.
Vehumet was greatly pleased with you.
You were not hungry.

You visited 3 branches of the dungeon, and saw 13 of its levels.
You also visited: Labyrinth and Ossuary.

You collected 791 gold pieces.
You spent 593 gold pieces at shops.

Inventory:

Hand Weapons
 L - the +9 rapier of Lies (weapon) {flame, Fragile rPois rF+++ Str+4}
   (You bought it in a shop on level 10 of the Dungeon)

   It has been specially enchanted to burn those struck by it, causing extra
   injury to most foes and up to half again as much damage against particularly
   susceptible opponents.
   It affects your strength (+4).
   It renders you almost immune to fire.
   It protects you from poison.
   It will be destroyed if unequipped.
Armour
 a - a +0 robe (worn)
 i - a +0 pair of gloves (worn)
 F - a +0 cloak (worn)
 N - a +0 helmet (worn)
 V - a +2 pair of boots of flying (worn)
Jewellery
 w - a +2 ring of protection (left hand)
 A - a +2 amulet of reflection (around neck)
 G - an uncursed amulet of regeneration
 H - an uncursed amulet of magic regeneration
Wands
 f - a wand of lightning (7/15)
 n - a wand of paralysis (7/24)
 r - a wand of random effects (24/48)
 t - a wand of acid (5/15)
 u - a wand of confusion (32/48)
 B - a wand of flame (23/48)
 E - a wand of confusion (30/48)
 K - a wand of slowing (24/48)
 M - a wand of acid (4/15)
Scrolls
 h - a scroll of recharging
 j - a scroll of fear
 m - a scroll of fog
 s - a scroll of immolation
 x - 2 scrolls of remove curse
 y - 4 scrolls of amnesia
 C - 5 scrolls of teleportation
 P - a scroll of silence {unknown}
Potions
 g - a potion of agility
 k - 4 potions of ambrosia
 l - 4 potions of lignification
 v - 2 potions of might {unknown}
 z - 3 potions of brilliance {unknown}
 I - a potion of mutation {unknown}
 J - 2 potions of flight {unknown}
 O - a potion of cancellation {unknown}
Books
 q - a book of Party Tricks

   Spells                             Type                      Level
   a - Summon Butterflies             Summoning                    1
   b - Apportation                    Translocation                1
   c - Lesser Beckoning               Translocation                3
   d - Tukima's Dance                 Hexes                        3
   e - Alistair's Intoxication        Transmutation/Poison         5
   f - Invisibility                   Hexes                        6
Comestibles
 c - 13 bread rations
 d - 5 meat rations
 D - 2 beef jerkies


   Skills:
 + Level 3.8 Fighting
 + Level 4.9 Short Blades
 + Level 4.0 Armour
 + Level 6.3 Dodging
 - Level 2.4 Stealth
 * Level 11.7 Spellcasting
 + Level 7.0 Conjurations
 + Level 8.1 Fire Magic
 + Level 5.1 Ice Magic
 + Level 3.1 Air Magic
 + Level 3.4 Earth Magic
 + Level 4.5 Poison Magic
 + Level 5.2 Evocations


You had 7 spell levels left.
You knew the following spells:

 Your Spells              Type           Power        Failure   Level  Hunger
a - Flame Tongue          Conj/Fire      #####        1%          1    None
b - Throw Flame           Conj/Fire      #####.       1%          2    None
c - Conjure Flame         Conj/Fire      #####...     1%          3    None
d - Inner Flame           Hex/Fire       ####....     1%          3    None
e - Sticky Flame          Conj/Fire      #####...     1%          4    None
f - Fireball              Conj/Fire      #####.....   2%          5    ####...
g - Freeze                Ice            ####         1%          1    None
h - Sting                 Conj/Pois      ####         1%          1    None
i - Stone Arrow           Conj/Erth      #####.       1%          3    None
j - Mephitic Cloud        Conj/Pois/Air  ####....     1%          3    None


Dungeon Overview and Level Annotations

Branches:
Dungeon (11/15)            Temple (1/1) D:6            Lair (1/6) D:11
    Orc: D:9-12

Altars:
Ashenzari
Cheibriados
Dithmenos
Elyvilon
Fedhas
Gozag
Hepliaklqana
Kikubaaqudgha
Makhleb
Nemelex Xobeh
Okawaru
Qazlal
Ru
Sif Muna
Trog
Uskayaw
Vehumet
Xom
Yredelemnul
Zin
The Shining One

Shops:
D:6 *   D:10 (

Annotations:
Lair:1 Gastronok


Innate Abilities, Weirdness & Mutations

You are partially covered in yellow scales. (AC +2)
You are dopey. (Int -2)
You are resistant to hostile enchantments. (MR+)
You regenerate slowly when monsters are visible.


Message History

Press: ? - help, Shift-Dir - straight line, f/p - Gastronok
Aim: Gastronok, wearing the +3 hat of Pondering {ponderous, MR+ MP+10 Int+5} (noxious fumes, severely wounded)
The stone arrow hits Gastronok.
Gastronok is severely wounded.
The water moccasin bites the plant but does no damage.
Gastronok is engulfed in noxious fumes.
Gastronok mumbles some strange words.
Casting: Stone Arrow
Confirm with . or Enter, or press ? or * to list all spells.
Aiming: Sticky Flame
Press: ? - help, Shift-Dir - straight line, f/p - Gastronok
Aim: Gastronok, wearing the +3 hat of Pondering {ponderous, MR+ MP+10 Int+5} (severely wounded)
The sticky flame hits Gastronok.
Gastronok is almost dead.
Gastronok is covered in liquid flames!
Gastronok burns!
The bat completely misses you.
The river rat twitches its whiskers.
Gastronok bites you!!!
Ouch! That really hurt!
You die...

.##..###.........
.................
#....#.........
#..............
##....#........
#≈...##....#..#
##≈..###.....###
#≈≈.####........
##≈..# #.@.......
##≈≈P.#
#.w...###.
#≈≈...# #.r...#
#≈..#.####SbP##
##≈P..%.####...
#≈≈...#..## ....
#≈≈......≈# .....
##≈≈P..<≈≈#
...... ##≈≈≈≈≈≈≈#


You could see Gastronok (burning), a water moccasin, a river rat and a bat.

Vanquished Creatures
  A minotaur (Lab)
  A hydra (Lair:1)
  Sonja (D:11)
  A deep elf mage (D:9)
  2 ugly things
  Psyche (D:8)
  A gargoyle (D:10)
  A troll (D:11)
  The ghost of Torax the Shield-Bearer, an amateur FoFi (D:4)
  Prince Ribbit (D:6)
  2 hippogriffs (D:8)
  A shadow (D:11)
  Sigmund (D:6)
  3 hungry ghosts
  2 wargs (D:11)
  An acid dragon (D:11)
  4 sky beasts
  An ice beast (D:7)
  6 orc warriors
  A black bear (D:9)
  An eye of draining (D:11)
  12 ogres
  3 phantoms
  4 centaurs
  A big kobold (D:8)
  4 bullfrogs
  A gnoll sergeant (D:10)
  3 water moccasin zombies (Ossuary)
  3 wyvern skeletons
  2 scorpions
  6 killer bees (D:9)
  15 wights
  A howler monkey (D:6)
  3 jellies
  6 crimson imps
  A centaur zombie (D:9)
  2 bullfrog zombies
  6 hounds
  6 orc wizards
  3 quasits
  Crazy Yiuf (D:7)
  10 orc priests
  2 bullfrog skeletons
  3 centaur skeletons
  Natasha (thrice) (D:4)
  3 iguanas
  10 worker ants
  2 big kobold zombies (Ossuary)
  A hound zombie (D:11)
  2 mummies (Ossuary)
  4 worker ant zombies
  4 gnolls (D:10)
  A howler monkey skeleton (D:11)
  6 adders
  2 shadow imps
  An ooze (D:5)
  4 adder zombies (Ossuary)
  3 worms
  An adder skeleton (D:7)
  3 dart slugs
  5 leopard geckos
  45 orcs
  2 ball pythons
  7 bats
  5 giant cockroaches
  A gnoll zombie (Ossuary)
  11 goblins
  14 hobgoblins
  11 jackals
  A quokka (D:5)
  A ball python skeleton (D:5)
  3 frilled lizards
  7 hobgoblin zombies (Ossuary)
  A jackal zombie (D:8)
  16 kobolds
  4 kobold zombies (Ossuary)
  2 leopard gecko skeletons
  5 orc zombies (Ossuary)
  4 rats
327 creatures vanquished.

Notes
Turn   | Place    | Note
-------+----------+-------------------------------------------
     0 | D:1      | Kidiri the Deep Elf Fire Elementalist began the quest for the Orb.
     0 | D:1      | Reached XP level 1. HP: 10/10 MP: 6/6
    79 | D:1      | Reached XP level 2. HP: 9/15 MP: 2/8
    86 | D:1      | Learned a level 2 spell: Throw Flame
   814 | D:1      | Reached XP level 3. HP: 17/19 MP: 3/10
   819 | D:1      | Learned a level 3 spell: Conjure Flame
   823 | D:1      | Learned a level 3 spell: Inner Flame
   942 | D:1      | Reached skill level 4 in Spellcasting
  1326 | D:2      | Found an opulent altar of Gozag.
  1707 | D:2      | Found a shadowy altar of Dithmenos.
  1742 | D:2      | Reached XP level 4. HP: 24/24 MP: 8/12
  2121 | D:3      | Found a radiant altar of Vehumet.
  2133 | D:3      | Became a worshipper of Vehumet
  2212 | D:3      | Reached skill level 5 in Spellcasting
  2419 | D:3      | Learned a level 4 spell: Sticky Flame
  2450 | D:3      | Found a blossoming altar of Fedhas.
  2820 | D:4      | Found a glowing silver altar of Zin.
  2845 | D:4      | Reached XP level 5. HP: 20/28 MP: 11/15
  2953 | D:4      | Noticed an ogre
  2959 | D:4      | Killed an ogre
  2959 | D:4      | Reached skill level 6 in Spellcasting
  2966 | D:4      | Reached XP level 6. HP: 30/32 MP: 6/17
  3063 | D:4      | Noticed Natasha
  3069 | D:4      | Killed Natasha
  3078 | D:4      | Reached skill level 7 in Spellcasting
  3078 | D:4      | Reached skill level 5 in Fire Magic
  3125 | D:4      | Noticed Natasha
  3167 | D:4      | Killed Natasha
  3471 | D:4      | Noticed Natasha
  3512 | D:4      | Killed Natasha
  3516 | D:4      | Noticed Torax's ghost (amateur FoFi)
  3586 | D:4      | Killed Torax's ghost
  3586 | D:4      | Reached skill level 8 in Spellcasting
  3586 | D:4      | Reached XP level 7. HP: 3/36 MP: 9/20
  3705 | D:4      | Found a shimmering altar of Xom.
  3859 | D:5      | Entered Level 5 of the Dungeon
  3884 | D:5      | Gained mutation: Your system is resistant to poisons. (rPois) [mutagenic meat]
  3885 | D:5      | Gained mutation: You are dopey. (Int -2) [mutagenic meat]
  3889 | D:5      | Gained mutation: You are clumsy. (Dex -2) [mutagenic meat]
  3890 | D:5      | Gained mutation: You are partially covered in yellow scales. (AC +2) [mutagenic meat]
  3900 | D:5      | Reached * piety under Vehumet
  3900 | D:5      | Offered knowledge of Freeze by Vehumet.
  3907 | D:5      | Learned a level 5 spell: Fireball
  3909 | D:5      | Learned a level 1 spell: Freeze
  4116 | D:5      | Reached XP level 8. HP: 27/41 MP: 15/22
  4217 | D:5      | Reached skill level 1 in Evocations
  4373 | D:5      | Reached skill level 1 in Armour
  4399 | D:5      | Reached skill level 1 in Short Blades
  4827 | D:6      | Noticed Prince Ribbit
  4828 | D:6      | Reached skill level 1 in Ice Magic
  4837 | D:6      | Killed Prince Ribbit
  4837 | D:6      | Reached skill level 1 in Fighting
  4837 | D:6      | Reached skill level 9 in Spellcasting
  4853 | D:6      | Found Ruitao's Retail Resort.
  4863 | D:6      | Found a staircase to the Ecumenical Temple.
  4881 | D:6      | Noticed Sigmund
  4893 | Temple   | Entered the Ecumenical Temple
  5111 | D:6      | Reached skill level 5 in Conjurations
  5133 | D:6      | Found a sand-covered staircase.
  5143 | Ossuary  | Entered an ossuary
  5711 | Ossuary  | Offered knowledge of Sting by Vehumet.
  5714 | Ossuary  | Learned a level 1 spell: Sting
  5854 | Ossuary  | Reached ** piety under Vehumet
  7055 | D:6      | Reached skill level 1 in Poison Magic
  7055 | D:6      | Reached XP level 9. HP: 44/48 MP: 14/24
  7145 | D:6      | Found a white marble altar of Elyvilon.
  7279 | D:6      | Killed Sigmund
  7398 | D:6      | Reached skill level 10 in Spellcasting
  7533 | D:6      | Found an iron altar of Okawaru.
  7664 | D:6      | Found a basalt altar of Yredelemnul.
  7732 | D:6      | Bought a +2 amulet of reflection for 350 gold pieces
  7803 | D:7      | Found a snail-covered altar of Cheibriados.
  8195 | D:7      | Offered knowledge of Searing Ray by Vehumet.
  8222 | D:7      | Found a runed door.
  8871 | D:7      | Reached *** piety under Vehumet
  9045 | D:7      | Noticed Crazy Yiuf
  9051 | D:7      | Killed Crazy Yiuf
  9199 | D:8      | Reached XP level 10. HP: 54/54 MP: 16/26
  9299 | D:8      | Offered knowledge of Stone Arrow by Vehumet.
  9304 | D:8      | Learned a level 3 spell: Stone Arrow
  9308 | D:8      | Noticed Psyche
  9325 | D:8      | Killed Psyche
  9325 | D:8      | Reached skill level 5 in Dodging
  9649 | D:8      | Learned a level 3 spell: Mephitic Cloud
  9854 | D:8      | Reached **** piety under Vehumet
 10041 | D:9      | Reached skill level 1 in Earth Magic
 10093 | D:9      | Offered knowledge of Bolt of Draining by Vehumet.
 10121 | D:9      | Noticed a green ugly thing
 10131 | D:9      | Killed a green ugly thing
 10131 | D:9      | Reached skill level 1 in Air Magic
 10237 | D:9      | Gained mutation: Your body sometimes deteriorates upon taking damage. [mutagenic meat]
 10238 | D:9      | Gained mutation: Your muscles are strong. (Str +2) [mutagenic meat]
 10239 | D:9      | Gained mutation: Scrolls take you a little longer to read. [mutagenic meat]
 10242 | D:9      | Gained mutation: You regenerate slowly when monsters are visible. [mutagenic meat]
 10416 | D:9      | Lost mutation: Your system is resistant to poisons. (rPois) [potion of cure mutation]
 10416 | D:9      | Lost mutation: You are clumsy. (Dex -2) [potion of cure mutation]
 10416 | D:9      | Lost mutation: Scrolls take you a little longer to read. [potion of cure mutation]
 10416 | D:9      | Lost mutation: Your body sometimes deteriorates upon taking damage. [potion of cure mutation]
 10416 | D:9      | Lost mutation: Your muscles are strong. (Str +2) [potion of cure mutation]
 11022 | D:10     | Entered Level 10 of the Dungeon
 11169 | D:10     | Found a shadowy altar of Dithmenos.
 11170 | D:10     | Noticed a gargoyle
 11182 | D:10     | Killed a gargoyle
 11182 | D:10     | Reached skill level 11 in Spellcasting
 11192 | D:9      | Noticed a deep elf mage
 11335 | D:9      | Killed a deep elf mage
 11532 | D:10     | Found Siulev's Antique Weapon Shoppe.
 11537 | D:10     | Bought an ancient rapier for 243 gold pieces
 11537 | D:10     | Identified the +9 rapier of Lies {flame, Fragile rPois rF+++ Str+4} (You bought it in a shop on level 10 of the Dungeon)
 11707 | D:10     | Reached ***** piety under Vehumet
 11780 | D:10     | Offered knowledge of Irradiate by Vehumet.
 12140 | D:11     | Reached XP level 11. HP: 59/60 MP: 21/28
 12217 | D:11     | Found a labyrinth entrance.
 12223 | Lab      | Entered a labyrinth
 12851 | Lab      | Noticed a minotaur
 12858 | Lab      | HP: 2/60 [minotaur (11)]
 12871 | Lab      | Killed a minotaur
 12998 | Lab      | Got a shimmering glaive
 13264 | D:11     | Reached skill level 5 in Evocations
 13266 | D:11     | Reached skill level 5 in Ice Magic
 13280 | D:11     | Found a staircase to the Lair.
 13473 | D:11     | Noticed Sonja
 13872 | D:11     | Noticed a red ugly thing
 13896 | D:11     | HP: 1/60 [red ugly thing (4)]
 14617 | D:11     | Killed a red ugly thing
 14624 | D:11     | Killed Sonja
 14629 | D:11     | Gained mutation: You are resistant to hostile enchantments. (MR+) [mutagenic meat]
 14851 | Lair:1   | Entered Level 1 of the Lair of Beasts
 14851 | Lair:1   | Noticed a four-headed hydra
 14859 | Lair:1   | Killed a four-headed hydra
 14950 | Lair:1   | Noticed Gastronok
 14968 | Lair:1   | Demolished by Gastronok

Vault maps used:
D:1:      lightli_arrival_boilingwater, st_stairs_13
D:2:      overflow_temple_1_default, grunt_gozag_breadcrumbs, minmay_box_of_dots
D:3:      vehumet_crystals, first_bread, fedhas_altar_fruit_tree
D:4:      zin_academy, lemuel_crystal_altar, uniq_natasha
D:5:      kennysheep_generic_room_8
D:6:      kennysheep_ying_yang, okawaru_trees_2, nicolae_ossuary_entry_ruins,
          nicolae_alphabet_shops, uniq_prince_ribbit1, uniq_sigmund
D:7:      lemuel_round_altar, grunt_ogre_cave, uniq_crazy_yiuf_cottage
D:8:      uniq_psyche
D:9:      st_stairs_13
D:10:     serial_shops, shop, nicolae_dithmenos_shadow_blocks
D:11:     erik_lair_orcish_takeover, lab_entry_generic, uniq_sonja
Temple:   nicolae_temple_hex_pool
Lair:1:   cheibrodos_lair_caveside_slide, uniq_gastronok, uniq_nergalle
Ossuary:  ossuary_tomb_2

Skill      XL: |  1  2  3  4  5  6  7  8  9 10 11 |
---------------+----------------------------------+-----
Spellcasting   | 4 5 6 8 9 10 11 | 11.7
Conjurations   | 2 3 4 5 6 7 |  7.0
Fire Magic     | 4 5 6 7 8 |  8.1
Evocations     | 2 3 4 5 |  5.2
Armour         | 2 3 4 |  4.0
Short Blades   | 2 3 4 |  4.9
Ice Magic      | 2 3 4 5 |  5.1
Fighting       | 1 2 3 |  3.8
Dodging        | 3 4 5 6 |  6.3
Poison Magic   | 1 2 3 4 |  4.5
Earth Magic    | 2 3 |  3.4
Air Magic      | 2 3 |  3.1
Stealth        | |  2.4

Action                   |  1- 3 |  4- 6 |  7- 9 | 10-12 || total
-------------------------+-------+-------+-------+-------++-------
Melee: Dagger            |    16 |     1 |       |       ||    17
       Unarmed           |     2 |       |       |       ||     2
       Short sword       |       |    26 |   156 |    97 ||   279
       Rapier            |       |       |       |    84 ||    84
 Cast: Flame Tongue      |    81 |    54 |   148 |   188 ||   471
       Throw Flame       |       |     1 |     2 |     4 ||     7
       Sticky Flame      |       |     8 |    19 |    42 ||    69
       Conjure Flame     |       |     1 |    12 |    10 ||    23
       Inner Flame       |       |     1 |     5 |    14 ||    20
       Freeze            |       |       |    10 |     4 ||    14
       Stone Arrow       |       |       |       |    16 ||    16
       Fireball          |       |       |       |     1 ||     1
       Mephitic Cloud    |       |       |       |     2 ||     2
  Use: Scroll            |     3 |     7 |     6 |     6 ||    22
       Potion            |       |       |     3 |     8 ||    11
 Stab: Sleeping          |     4 |     2 |     5 |     2 ||    13
  Eat: Chunk             |     2 |     7 |    15 |    18 ||    42
       Fruit             |       |       |     5 |     1 ||     6
       Meat ration       |       |       |     1 |       ||     1
       Beef jerky        |       |       |       |     6 ||     6
       Pizza             |       |       |       |     1 ||     1
Armor: Robe              |     7 |     6 |    43 |    52 ||   108
       Skin              |       |       |     2 |       ||     2
Dodge: Dodged            |    49 |    35 |   150 |   186 ||   420
Block: Other             |       |       |     2 |    24 ||    26
       Reflection        |       |       |       |     1 ||     1
